Map: Zentralprotokoll

Players

fragleader

  • Race: Protoss Protoss
  • League: Silver

Bolkoroth - Winner!

  • Race: Zerg Zerg
  • League: Gold

VOD

Have the link to the VOD?

Description

Time

  • Played on: Dec. 10, 2015, 5:05 p.m.
  • Length: 14:19
Show
View Real Time Build Order
Export as new Build Order

fragleader Protoss 

Build Orders:  

Get SALT Encoding   

  12  0:01  Probe (Chrono Boost)  
  13  0:11  Probe (Chrono Boost)  
  14  0:24  Pylon  
  14  0:26  Probe (Chrono Boost)  
  15  0:42  Probe (Chrono Boost)  
  16  0:49  Gateway  
  16  0:53  Probe (Chrono Boost)  
  17  0:58  Assimilator  
  17  1:03  Pylon  
  18  1:04  Probe (Chrono Boost)  
  18  1:15  Probe (Chrono Boost)  
  19  1:25  Probe (Chrono Boost)  
  20  1:33  Gateway  
  20  1:36  Probe (Chrono Boost)  
  20  1:39  Cybernetics Core  
  21  1:41  Assimilator  
  21  1:46  Probe (Chrono Boost)  
  22  1:57  Probe (Chrono Boost)  
  22  1:59  Zealot  
  25  2:07  Probe (Chrono Boost)  
  26  2:16  Warp Gate (Chrono Boost)  
  26  2:19  Probe (Chrono Boost)  
  27  2:24  Zealot  
  29  2:30  Probe  
  29  2:36  Pylon  
  30  2:51  Probe  
  30  2:52  Nexus  
  30  2:58  Adept, Pylon  
  31  3:02  Sentry  
  35  3:06  Probe  
  35  3:29  Adept  
  35  3:31  Adept  
  35  3:32  Probe  
  40  3:37  Pylon  
  40  3:43  Stargate  
  40  3:44  Probe  
  41  3:58  Probe  
  41  4:00  Pylon  
  42  4:04  Pylon  
  42  4:09  Forge, Assimilator  
  42  4:11  Mothership Core  
  44  4:24  Sentry  
  44  4:25  Sentry  
  44  4:29  Pylon, Oracle  
  51  4:38  Probe  
  51  4:39  Probe  
  52  4:55  Zealot x2  
  36  5:15  Zealot  
  36  5:16  Zealot  
  36  5:37  Zealot  
  36  5:38  Zealot  
  36  5:39  Oracle  
  32  6:06  Zealot  
  32  6:07  Zealot  
  32  6:08  Probe (Chrono Boost)  
  37  6:19  Probe (Chrono Boost)  
  38  6:29  Probe (Chrono Boost)  
  39  6:34  Pylon  
  39  6:39  Pylon  
  39  6:42  Nexus, Oracle  
  39  6:46  Probe (Chrono Boost)  
  43  6:58  Probe, Zealot  
  46  7:17  Probe  
  47  7:27  Stalker  
  47  7:29  Probe  
  50  7:33  Protoss Ground Armor Level 1 (Chrono Boost)  
  50  7:46  Probe  
  48  8:09  Zealot x2  
  52  8:33  Stalker x2  
  56  8:39  Probe  
  56  8:40  Probe  
  58  8:45  Assimilator  
  58  9:04  Adept, Zealot  
  58  9:05  Void Ray  
  58  9:06  Probe  
  58  9:07  Probe  
  68  9:16  Probe  
  68  9:19  Probe  
  70  9:26  Gateway  
  70  9:30  Probe  
  70  9:31  Probe  
  71  9:59  Probe  
  71  10:00  Probe  
  73  10:10  Stalker, Zealot  
  77  10:16  Probe  
  77  10:18  Probe  
  77  10:20  Nexus  
  79  10:28  Pylon  
  79  10:33  Probe  
  79  10:34  Probe  
  81  10:39  Stalker, Zealot  
  81  10:40  Sentry  
  87  10:51  Probe  
  87  10:53  Probe  
  89  11:01  Void Ray  
  89  11:02  Robotics Facility  
  93  11:15  Protoss Ground Weapons Level 1 (Chrono Boost)  
  93  11:19  Photon Cannon  
  93  11:21  Pylon  
  93  11:27  Photon Cannon  
  93  11:29  Probe  
  93  11:30  Probe x2  
  96  11:44  Zealot  
  96  11:45  Stalker x2  
  102  11:53  Probe x2  
  102  11:54  Probe  
  105  12:12  Probe x2  
  105  12:13  Probe  
  108  12:16  Immortal  
  112  12:25  Robotics Bay  
  112  12:29  Pylon  
  112  12:31  Pylon  
  109  12:49  Stalker  
  109  12:50  Stalker, Sentry  
  115  12:53  Probe x2  
  115  12:54  Probe  
  118  13:09  Nexus  
  118  13:21  Disruptor (Chrono Boost)  
  121  13:28  Probe x2  
  121  13:29  Probe  
  124  13:39  Stalker x2, Sentry  
  74  14:15  Pylon  
Show
View Real Time Build Order
Export as new Build Order

Bolkoroth Zerg - Winner!

Build Orders: Hatch First, Lurkers 

Get SALT Encoding   

  12  0:01  Drone  
  13  0:12  Overlord  
  13  0:17  Drone  
  14  0:30  Drone x2  
  16  0:36  Drone  
  17  0:56  Drone  
  18  1:00  Hatchery  
  18  1:03  Drone  
  18  1:14  Spawning Pool  
  18  1:16  Drone  
  18  1:20  Drone, Extractor  
  18  1:28  Overlord  
  18  1:39  Drone  
  19  1:55  Drone  
  20  2:17  Queen x2  
  20  2:20  Drone x3  
  27  2:27  Metabolic Boost  
  27  2:32  Overlord  
  27  2:33  Drone  
  27  2:34  Drone  
  27  2:35  Drone  
  30  2:45  Drone  
  30  2:46  Drone  
  32  2:58  Drone  
  32  2:59  Drone  
  34  3:10  Queen  
  36  3:13  Evolution Chamber  
  35  3:23  Zergling x2  
  35  3:24  Zergling x6  
  39  3:31  Drone x4  
  39  3:32  Overlord x2, Zergling x2  
  44  3:53  Zerg Ground Armor Level 1  
  44  4:00  Zergling x2  
  44  4:01  Zergling x20  
  55  4:38  Zergling x2  
  55  4:39  Zergling x8  
  55  4:43  Overlord x3  
  54  4:57  Zergling x10  
  55  5:22  Hatchery  
  55  5:23  Lair  
  55  5:28  Extractor  
  49  5:29  Drone  
  49  5:30  Drone x4  
  50  5:37  Drone  
  50  5:47  Zerg Melee Weapons Level 1  
  44  6:03  Spore Crawler  
  35  6:14  Zergling x2  
  35  6:15  Zergling x2  
  35  6:35  Spore Crawler  
  35  6:37  Drone  
  35  6:38  Drone x7  
  41  6:57  Zergling x12  
  46  7:13  Overlord, Hydralisk Den  
  46  7:14  Overlord x3  
  45  7:18  Extractor  
  44  7:27  Drone  
  44  7:28  Drone x5  
  50  7:36  Extractor  
  49  7:41  Zerg Ground Armor Level 2  
  49  7:43  Hatchery  
  49  7:44  Muscular Augments  
  48  7:45  Zergling x14  
  55  7:55  Spore Crawler  
  52  8:08  Queen  
  52  8:12  Hydralisk  
  54  8:13  Hydralisk  
  54  8:15  Overlord x2  
  58  8:24  Drone  
  58  8:25  Drone x9  
  68  8:30  Spore Crawler  
  68  8:33  Extractor  
  66  8:34  Extractor  
  66  8:37  Spine Crawler  
  64  8:54  Hydralisk  
  64  8:55  Hydralisk x4  
  72  9:00  Drone x6  
  78  9:15  Evolution Chamber  
  77  9:32  Spine Crawler  
  77  9:35  Spore Crawler  
  77  9:37  Drone x5  
  77  9:38  Drone  
  80  9:57  Zerg Missile Weapons Level 1  
  78  10:07  Hydralisk x5  
  78  10:08  Hydralisk x9  
  78  10:13  Zerg Melee Weapons Level 2  
  106  10:28  Drone  
  106  10:29  Drone x3  
  106  10:32  Infestation Pit  
  109  10:58  Hatchery  
  109  10:59  Overlord, Zergling x20  
  109  11:00  Overlord x5, Zergling x4  
  109  11:02  Lurker Den  
  120  11:24  Overseer x2  
  120  11:34  Hydralisk x8  
  120  11:35  Hydralisk x4  
  144  11:53  Zerg Missile Weapons Level 2  
  144  12:01  Hive  
  144  12:02  Pneumatized Carapace  
  144  12:13  Drone  
  144  12:14  Drone x17  
  144  12:15  Queen  
  163  12:40  Spore Crawler  
  162  12:52  Lurker x3  
  162  12:53  Lurker x7  
  162  12:54  Lurker  
  162  12:57  Overlord x4  
  174  12:58  Zergling x2  
  174  12:59  Zergling x16  
  182  13:10  Spore Crawler  
  182  13:12  Spine Crawler  
  180  13:34  Extractor  
  180  13:38  Extractor  
Tags
 
Add a new tag
Caveats
  • Supply blocks, unpowered buildings, or Contaminate may cause inaccurate times.
  • Supply counts are checked every 10 seconds.